 Dungeon Crawl Stone Soup version 0.18.1-48-g4cf74bf (webtiles) character file.

2260 luca467 the Martial Artist (level 9, -5/103 HPs)
             Began as a Demonspawn Monk on Sept 12, 2016.
             Slain by a three-headed hydra (12 damage)
             ... on level 8 of the Dungeon.
             The game lasted 00:33:24 (6623 turns).

luca467 the Martial Artist (Demonspawn Monk)        Turns: 6623, Time: 00:33:24

Health: -5/103     AC:  4    Str: 19    XL:     9   Next: 15%
Magic:  9/9        EV: 15    Int: 12    God:
Gold:   282        SH:  0    Dex: 16    Spells: 0 memorised, 8 levels left

rFire  . . .     SeeInvis .       - Unarmed
rCold  . . .     Gourm    .     a - +0 robe
rNeg   . . .     Faith    .     (no shield)
rPois  .         Spirit   .     (no helmet)
rElec  .         Dismiss  .     u - +1 cloak
rCorr  .         Reflect  .     (no gloves)
SustAt .         Harm     .     (no boots)
MR     .....                    (no amulet)
Stlth  ..........               (no ring)
                                (no ring)

@: berserking, very quick, not resistant to hostile enchantments, extremely
unstealthy
A: claws 2, powered by death 3
a: no special abilities


You were on level 8 of the Dungeon.
You were not hungry.

You visited 1 branch of the dungeon, and saw 9 of its levels.

You collected 394 gold pieces.
You spent 112 gold pieces at shops.

Inventory:

Armour
 a - a +0 robe (worn)
 u - a +1 cloak (worn)
Jewellery
 o - an uncursed amulet of rage
Wands
 h - a wand of iceblast (6/15)
 m - a wand of digging (14/24)
 t - a wand of polymorph (24/24)
 v - a wand of enslavement (13/24)
 C - a wand of heal wounds (5/9)
Scrolls
 d - a scroll of blinking
 p - 4 scrolls of remove curse
 r - 2 scrolls of amnesia
 s - 2 scrolls of recharging
Potions
 e - 2 potions of berserk rage
 g - 2 potions of flight {unknown}
 i - 4 potions of curing
 j - 3 potions of magic {unknown}
 l - a potion of brilliance {unknown}
 n - a potion of ambrosia {unknown}
 w - a potion of degeneration {unknown}
 z - a potion of cancellation {unknown}
Books
 y - a book of Annihilations

   Spells                             Type                      Level
   a - Poison Arrow                   Conjuration/Poison           6
   b - Chain Lightning                Conjuration/Air              8
   c - Lehudib's Crystal Spear        Conjuration/Earth            8
   d - Glaciate                       Conjuration/Ice              9
   e - Fire Storm                     Conjuration/Fire             9
 A - an Akashic Record

   Spells                             Type                      Level
   a - Dispersal                      Translocation                6
   b - Malign Gateway                 Summoning/Translocation      7
   c - Disjunction                    Translocation                8
   d - Controlled Blink               Translocation                8
Comestibles
 b - 3 bread rations
 c - 3 meat rations
 f - 3 beef jerkies
 k - a royal jelly
 q - 20 fruits
 x - 6 slices of pizza
 B - 3 chunks of flesh


   Skills:
 + Level 6.3 Fighting
 + Level 5.6 Dodging
 + Level 5.6 Stealth
 * Level 8.0 Unarmed Combat


You had 8 spell levels left.
You didn't know any spells.

Dungeon Overview and Level Annotations

Branches:
Dungeon (9/15)             Temple (0/1) D:4
   Lair: D:8-11         Orc: D:9-12

Altars:
Gozag
Pakellas

Shops:
D:6 !


Innate Abilities, Weirdness & Mutations

You have very sharp fingernails.
You regenerate a lot of health from kills.


Message History

Drink which item? (? for menu, Esc to quit)
A red film seems to cover your vision as you go berserk!
You feel yourself moving faster!
You feel mighty!
The three-headed hydra closely misses you.
The three-headed hydra bites you!
* * * LOW HITPOINT WARNING * * *
The three-headed hydra bites you.
* * * LOW HITPOINT WARNING * * *
You mangle the three-headed hydra!!
The three-headed hydra is severely wounded.
The three-headed hydra bites you.
* * * LOW HITPOINT WARNING * * *
The three-headed hydra misses you.
The three-headed hydra bites you but does no damage.
You claw the three-headed hydra!
The three-headed hydra is almost dead.
You claw the three-headed hydra!
The three-headed hydra is almost dead.
The three-headed hydra bites you!
You die...

####)#####.#.#
#.≈.≈.≈PP#...#
#......≈P#...#
#.....P)≈#..## #######
#..†..≈≈P#..####......
#.....P≈.#>...........
##'''###+#..####......
#.....#.)#..# ##.....
#....@DK.#..#####.....
##############........
###....#.....
.####............
.................
.........###.....
...####.## ######
.....##.########
...............#


You could see a three-headed hydra and a big kobold.

Vanquished Creatures
  2 yaks (D:8)
  Menkaure (D:7)
  An ice beast (D:6)
  A sky beast (D:7)
  An ogre (D:7)
  2 phantoms
  2 big kobolds (D:8)
  3 giant frogs (D:7)
  A water moccasin skeleton (D:6)
  2 scorpions (D:7)
  A howler monkey (D:7)
  A crimson imp (D:5)
  4 orc priests
  4 orc wizards
  3 jellies
  2 giant frog skeletons
  Jessica (D:2)
  Natasha (D:2)
  An iguana (D:5)
  4 worker ants
  2 sheep (D:8)
  2 hound skeletons
  3 gnolls (D:7)
  8 adders
  A shadow imp (D:5)
  4 oozes
  An adder zombie (D:8)
  2 worms
  5 giant geckos
  17 orcs
  13 bats
  8 giant cockroaches
  10 hobgoblins
  5 jackals
  4 quokkas
  A giant newt (D:2)
  6 goblins
  6 kobolds
  A quokka zombie (D:3)
  7 rats
  A plant (D:8)
145 creatures vanquished.

Notes
Turn   | Place    | Note
--------------------------------------------------------------
     0 | D:1      | luca467 the Demonspawn Monk began the quest for the Orb.
     0 | D:1      | Reached XP level 1. HP: 18/18 MP: 1/1
   299 | D:1      | Gained mutation: You have sharp fingernails. [demonic ancestry]
   299 | D:1      | Reached XP level 2. HP: 22/24 MP: 2/2
   731 | D:1      | Reached XP level 3. HP: 27/29 MP: 3/3
  1146 | D:2      | Reached skill level 4 in Unarmed Combat
  1475 | D:2      | Noticed Natasha
  1508 | D:2      | Killed Natasha
  1508 | D:2      | Gained mutation: You regenerate a little health from kills. [demonic ancestry]
  1508 | D:2      | Reached XP level 4. HP: 32/35 MP: 4/4
  2019 | D:2      | Noticed Jessica
  2024 | D:2      | Killed Jessica
  2121 | D:3      | You fall through a shaft!
  2136 | D:4      | Found an oddly glowing altar of Pakellas.
  2236 | D:4      | Gained mutation: You regenerate health from kills. [demonic ancestry]
  2236 | D:4      | Reached XP level 5. HP: 18/42 MP: 5/5
  2310 | D:4      | Found a staircase to the Ecumenical Temple.
  3031 | D:5      | Entered Level 5 of the Dungeon
  3056 | D:5      | Reached skill level 5 in Unarmed Combat
  3056 | D:5      | Gained mutation: You regenerate a lot of health from kills. [demonic ancestry]
  3056 | D:5      | Reached XP level 6. HP: 42/48 MP: 6/6
  4207 | D:5      | Gained mutation: You have very sharp fingernails. [demonic ancestry]
  4207 | D:5      | Reached XP level 7. HP: 8/55 MP: 7/7
  4611 | D:6      | Reached skill level 6 in Unarmed Combat
  4740 | D:6      | Found Wynaez's Distillery.
  4765 | D:6      | Bought a potion of heal wounds for 70 gold pieces
  4765 | D:6      | Bought a potion of lignification for 42 gold pieces
  5200 | D:6      | Found an opulent altar of Gozag.
  5329 | D:7      | Found an oddly glowing altar of Pakellas.
  5349 | D:7      | Noticed Menkaure
  5359 | D:7      | Killed Menkaure
  5359 | D:7      | Reached skill level 5 in Fighting
  5359 | D:7      | Reached XP level 8. HP: 48/62 MP: 8/8
  5666 | D:7      | Reached skill level 5 in Dodging
  5666 | D:7      | Reached skill level 7 in Unarmed Combat
  5676 | D:7      | Reached skill level 5 in Stealth
  6536 | D:8      | Reached XP level 9. HP: 50/69 MP: 9/9
  6559 | D:8      | Reached skill level 8 in Unarmed Combat
  6611 | D:8      | Noticed a three-headed hydra
  6623 | D:8      | Slain by a three-headed hydra

Skill      XL: |  1  2  3  4  5  6  7  8  9 |
---------------+----------------------------+-----
Stealth        | 2 3 4 5 |  5.6
Dodging        | 3 4 5 |  5.6
Unarmed Combat | 4 5 6 7 8 |  8.0
Fighting       | 4 5 6 |  6.3

Action                   |  1- 3 |  4- 6 |  7- 9 || total
-------------------------+-------+-------+-------++-------
Melee: Unarmed           |   165 |   225 |   271 ||   661
       Punch             |     1 |     7 |     3 ||    11
  Use: Scroll            |     2 |     6 |     4 ||    12
       Potion            |       |       |     5 ||     5
 Stab: Sleeping          |     9 |    13 |     7 ||    29
  Eat: Chunk             |     2 |     7 |     8 ||    17
       Pizza             |       |     1 |       ||     1
Armor: Robe              |    20 |    20 |    33 ||    73
       Skin              |       |       |    13 ||    13
Dodge: Dodged            |   116 |   124 |   149 ||   389
